| TOP OF THE 1ST |
|
Tacoma Rainiers batting - Pitching for Rochester Red Wings : RHP Mike Moon
|
|
Pitching: RHP Mike Moon
|
|
|
Batting: RHB Julian Gregory
|
0-0: Ball 1-0: Ball 2-0: Ball 3-0: Called Strike 3-1: Bunt missed! 3-2: Foul Ball, location: 2F 3-2: Ground out 3-1 (Groundball, 34, EV 89.4 MPH)
|
|
Batting: LHB Addisu Nyamekye
|
0-0: Called Strike 0-1: Called Strike 0-2: Strikes out swinging
|
|
Batting: RHB Chris Skaff
|
0-0: Foul Ball, location: 2F 0-1: Ball 1-1: Swinging Strike 1-2: Ground out 5-3 (Groundball, 5, EV 91.2 MPH)
|
| Top of the 1st over - 0 runs, 0 hits, 0 errors, 0 left on base; Tacoma 0 - Rochester 0 |
| BOTTOM OF THE 1ST |
|
Rochester Red Wings batting - Pitching for Tacoma Rainiers : RHP Josh Newell
|
|
Pitching: RHP Josh Newell
|
|
|
Batting: LHB Jon Ventura
|
0-0: Swinging Strike 0-1: Foul Ball, location: 2F 0-2: Strikes out swinging
|
|
Batting: SHB Ian Thompson
|
0-0: Ball 1-0: Ball 2-0: Ball 3-0: Ground out 3-1 (Groundball, 34S, EV 86.9 MPH)
|
|
Batting: RHB Leo Gonzalez
|
0-0: Ball 1-0: Ball 2-0: Ball 3-0: Base on Balls
|
|
Batting: RHB Colin Boddy
|
0-0: Called Strike 0-1: Fly out, F9 (Line Drive, 89S, EV 89.4 MPH)
|
| Bottom of the 1st over - 0 runs, 0 hits, 0 errors, 1 left on base; Tacoma 0 - Rochester 0 |
| TOP OF THE 2ND |
|
Tacoma Rainiers batting - Pitching for Rochester Red Wings : RHP Mike Moon
|
|
Batting: LHB Ryan Lowe
|
0-0: Foul Ball, location: 2F 0-1: Foul Ball, location: 2F 0-2: Ground out 4-3 (Groundball, 4, EV 109.4 MPH)
|
|
Batting: LHB Jawad Fahad
|
0-0: Foul Ball, location: 2F 0-1: Ball 1-1: Swinging Strike 1-2: Foul Ball, location: 2F 1-2: Ball 2-2: Foul Ball, location: 2F 2-2: Strikes out swinging
|
|
Batting: RHB Zach Downs
|
0-0: Called Strike 0-1: Ball 1-1: Called Strike 1-2: Foul Ball, location: 2F 1-2: SINGLE (Line Drive, 78S, EV 88.1 MPH)
|
|
Batting: LHB Josh Pittman
|
0-0: Foul Ball, location: 2F 0-1: Ball 1-1: Foul Ball, location: 2F 1-2: Fly out, F8 (Flyball, 8RD, EV 104.4 MPH)
|
| Top of the 2nd over - 0 runs, 1 hit, 0 errors, 1 left on base; Tacoma 0 - Rochester 0 |
| BOTTOM OF THE 2ND |
|
Rochester Red Wings batting - Pitching for Tacoma Rainiers : RHP Josh Newell
|
|
Batting: LHB Chaim Huting
|
0-0: Foul Ball, location: 2F 0-1: Ball 1-1: Foul Ball, location: 2F 1-2: Ball 2-2: SINGLE (Groundball, 4MS, EV 98.1 MPH)
|
|
Batting: SHB Manny Molina
|
0-0: Called Strike 0-1: Called Strike 0-2: Fly out, F7 (Flyball, 7LM, EV 88.8 MPH)
|
|
Batting: RHB Cyril Husson
|
0-0: Ball Wild Pitch! Chaim Huting to second 1-0: Swinging Strike 1-1: Swinging Strike 1-2: Ball 2-2: Ball 3-2: Strikes out swinging
|
|
Batting: RHB Jason Gee
|
0-0: Ball 1-0: Ball 2-0: Ground out 5-3 (Groundball, 56, EV 105.0 MPH)
|
| Bottom of the 2nd over - 0 runs, 1 hit, 0 errors, 1 left on base; Tacoma 0 - Rochester 0 |
| TOP OF THE 3RD |
|
Tacoma Rainiers batting - Pitching for Rochester Red Wings : RHP Mike Moon
|
|
Batting: RHB Lamberto Amicis
|
0-0: Ground out 5-3 (Groundball, 56S, EV 90.0 MPH)
|
|
Batting: LHB Matt Hepburn
|
0-0: Ball 1-0: Fly out, F8 (Line Drive, 8RD, EV 98.8 MPH)
|
|
Batting: RHB Julian Gregory
|
0-0: Ball 1-0: Swinging Strike 1-1: Swinging Strike 1-2: Strikes out looking
|
| Top of the 3rd over - 0 runs, 0 hits, 0 errors, 0 left on base; Tacoma 0 - Rochester 0 |
| BOTTOM OF THE 3RD |
|
Rochester Red Wings batting - Pitching for Tacoma Rainiers : RHP Josh Newell
|
|
Batting: LHB Tyler Allen
|
0-0: Fly out, F8 (Flyball, 8LM, EV 85.0 MPH)
|
|
Batting: LHB Jon Ventura
|
0-0: Foul Ball, location: 2F 0-1: Foul Ball, location: 2F 0-2: Ball 1-2: Ball 2-2: Foul Ball, location: 2F 2-2: Fly out, F8 (Flyball, 8RD, EV 86.9 MPH)
|
|
Batting: SHB Ian Thompson
|
0-0: Ball 1-0: Called Strike 1-1: Ball 2-1: Ball 3-1: Base on Balls
|
|
Batting: RHB Leo Gonzalez
|
0-0: Ball 1-0: Ball 2-0: Foul Ball, location: 2F 2-1: Called Strike 2-2: Ground out 6-3 (Groundball, 6S, EV 81.2 MPH)
|
| Bottom of the 3rd over - 0 runs, 0 hits, 0 errors, 1 left on base; Tacoma 0 - Rochester 0 |
| TOP OF THE 4TH |
|
Tacoma Rainiers batting - Pitching for Rochester Red Wings : RHP Mike Moon
|
|
Batting: LHB Addisu Nyamekye
|
0-0: Foul Ball, location: 2F 0-1: Called Strike 0-2: Strikes out looking
|
|
Batting: RHB Chris Skaff
|
0-0: Ball 1-0: Foul Ball, location: 2F 1-1: Foul Ball, location: 2F 1-2: Foul Ball, location: 2F 1-2: Ball 2-2: Ball 3-2: SINGLE (Groundball, 4D, EV 107.5 MPH)
|
|
Batting: LHB Ryan Lowe
|
0-0: Foul Ball, location: 2F 0-1: Foul Ball, location: 2F 0-2: Foul Ball, location: 2F 0-2: Strikes out swinging
|
|
Batting: LHB Jawad Fahad
|
0-0: Fielders Choice at 2nd, U4 (Groundball, 4M, EV 99.4 MPH)
|
| Top of the 4th over - 0 runs, 1 hit, 0 errors, 1 left on base; Tacoma 0 - Rochester 0 |
| BOTTOM OF THE 4TH |
|
Rochester Red Wings batting - Pitching for Tacoma Rainiers : RHP Josh Newell
|
|
Batting: RHB Colin Boddy
|
0-0: Ball 1-0: SINGLE (Groundball, 4, EV 95.0 MPH)
|
|
Batting: LHB Chaim Huting
|
0-0: Called Strike 0-1: Foul Ball, location: 2F 0-2: Ball 1-2: Foul Ball, location: 2F 1-2: Strikes out swinging
|
|
Batting: SHB Manny Molina
|
0-0: Ball 1-0: Swinging Strike 1-1: Grounds into double play, 4-6-3 (Groundball, 4, EV 85.6 MPH)
|
| Bottom of the 4th over - 0 runs, 1 hit, 0 errors, 0 left on base; Tacoma 0 - Rochester 0 |
| TOP OF THE 5TH |
|
Tacoma Rainiers batting - Pitching for Rochester Red Wings : RHP Mike Moon
|
|
Batting: RHB Zach Downs
|
0-0: SINGLE (Groundball, P, EV 86.2 MPH) (infield hit)
|
|
Batting: LHB Josh Pittman
|
0-0: Swinging Strike 0-1: Ball 1-1: Ball 2-1: Ball 3-1: Swinging Strike 3-2: Strikes out swinging
|
|
Batting: RHB Lamberto Amicis
|
0-0: Ball 1-0: Fielders Choice at 2nd, 5-4 (Groundball, 56, EV 89.4 MPH)
|
|
Batting: LHB Matt Hepburn
|
0-0: Ball 1-0: Ball 2-0: Called Strike 2-1: Called Strike 2-2: Ball 3-2: Strikes out swinging
|
| Top of the 5th over - 0 runs, 1 hit, 0 errors, 1 left on base; Tacoma 0 - Rochester 0 |
| BOTTOM OF THE 5TH |
|
Rochester Red Wings batting - Pitching for Tacoma Rainiers : RHP Josh Newell
|
|
Batting: RHB Cyril Husson
|
0-0: SINGLE (Flyball, 89S, EV 88.8 MPH)
|
|
Batting: RHB Jason Gee
|
0-0: Ball 1-0: Ball 2-0: Ball 3-0: Base on Balls Cyril Husson to second
|
|
Batting: LHB Tyler Allen
|
0-0: Ball 1-0: Fly out, F8 (Flyball, 8LXD, EV 103.1 MPH) Runner from 2nd tags up, SAFE at 3rd, no throw by CF
|
|
Batting: LHB Jon Ventura
|
0-0: Called Strike 0-1: Called Strike 0-2: Ball 1-2: Strikes out looking Jason Gee steals 2nd base Batter strikes out.
|
|
Batting: SHB Ian Thompson
|
0-0: Called Strike 0-1: Swinging Strike 0-2: Ball 1-2: Ball 2-2: Ball 3-2: Base on Balls
|
|
Batting: RHB Leo Gonzalez
|
0-0: Called Strike 0-1: Ball 1-1: Ground out 3-1 (Groundball, 34S, EV 83.8 MPH)
|
| Bottom of the 5th over - 0 runs, 1 hit, 0 errors, 3 left on base; Tacoma 0 - Rochester 0 |
| TOP OF THE 6TH |
|
Tacoma Rainiers batting - Pitching for Rochester Red Wings : RHP Mike Moon
|
|
Batting: RHB Julian Gregory
|
0-0: Called Strike 0-1: Foul Ball, location: 2F 0-2: DOUBLE (Line Drive, 9LM, EV 91.9 MPH)
|
|
Batting: LHB Addisu Nyamekye
|
0-0: Ball 1-0: Ball 2-0: SINGLE (Groundball, 3D, EV 96.9 MPH) Julian Gregory to third Runner from 3rd tries for Home, SAFE, throw by RF to home
|
|
Batting: RHB Chris Skaff
|
0-0: Foul Ball, location: 2F 0-1: Ball 1-1: Swinging Strike 1-2: Ball 2-2: Foul Ball, location: 2F 2-2: Foul Ball, location: 2F 2-2: Strikes out swinging
|
|
Batting: LHB Ryan Lowe
|
0-0: Ball 1-0: Ball 2-0: Called Strike 2-1: Ball 3-1: Foul Ball, location: 2F 3-2: TRIPLE (Flyball, 78XD, EV 93.8 MPH) Addisu Nyamekye scores
|
|
Batting: LHB Jawad Fahad
|
0-0: Called Strike 0-1: Swinging Strike 0-2: Ground out 6-3 (Groundball, 6M, EV 92.5 MPH) Ryan Lowe scores
|
|
Batting: RHB Zach Downs
|
0-0: Ball 1-0: Called Strike 1-1: Ball 2-1: Ball 3-1: Swinging Strike 3-2: Foul Ball, location: 2F 3-2: Ground out 6-3 (Groundball, P, EV 92.5 MPH)
|
| Top of the 6th over - 3 runs, 3 hits, 0 errors, 0 left on base; Tacoma 3 - Rochester 0 |
| BOTTOM OF THE 6TH |
|
Rochester Red Wings batting - Pitching for Tacoma Rainiers : RHP Josh Newell
|
|
Batting: RHB Colin Boddy
|
0-0: Fly out, F8 (Line Drive, 89M, EV 92.5 MPH)
|
|
Batting: LHB Chaim Huting
|
0-0: Swinging Strike 0-1: Ball 1-1: Called Strike 1-2: Foul Ball, location: 2F 1-2: Ground out 6-3 (Groundball, 6, EV 86.9 MPH)
|
|
Batting: SHB Manny Molina
|
0-0: Fly out, F7 (Flyball, 78D, EV 88.8 MPH)
|
| Bottom of the 6th over - 0 runs, 0 hits, 0 errors, 0 left on base; Tacoma 3 - Rochester 0 |
| TOP OF THE 7TH |
|
Tacoma Rainiers batting - Pitching for Rochester Red Wings : RHP Mike Moon
|
|
Batting: LHB Josh Pittman
|
0-0: Ground out 6-3 (Groundball, 6, EV 102.5 MPH)
|
|
Batting: RHB Lamberto Amicis
|
0-0: Swinging Strike 0-1: Ball 1-1: Ground out 6-3 (Groundball, 6, EV 90.0 MPH)
|
|
Batting: LHB Matt Hepburn
|
0-0: Called Strike 0-1: Ball 1-1: Ball 2-1: Called Strike 2-2: Strikes out swinging
|
| Top of the 7th over - 0 runs, 0 hits, 0 errors, 0 left on base; Tacoma 3 - Rochester 0 |
| BOTTOM OF THE 7TH |
|
Rochester Red Wings batting - Pitching for Tacoma Rainiers : RHP Josh Newell
|
|
Batting: RHB Cyril Husson
|
0-0: Ball 1-0: Ball 2-0: Called Strike 2-1: Ground out 1-3 (Groundball, P, EV 71.2 MPH)
|
|
Batting: RHB Jason Gee
|
0-0: Ball 1-0: Foul Ball, location: 2F 1-1: Called Strike 1-2: Ground out 4-3 (Groundball, 34D, EV 85.6 MPH)
|
|
Batting: LHB Tyler Allen
|
0-0: Ball 1-0: SINGLE (Line Drive, 7S, EV 108.1 MPH)
|
|
Batting: LHB Jon Ventura
|
0-0: Swinging Strike 0-1: Swinging Strike 0-2: Foul Ball, location: 2F 0-2: Fly out, F8 (Flyball, 8RXD, EV 93.1 MPH)
|
| Bottom of the 7th over - 0 runs, 1 hit, 0 errors, 1 left on base; Tacoma 3 - Rochester 0 |
| TOP OF THE 8TH |
|
Tacoma Rainiers batting - Pitching for Rochester Red Wings : RHP Mike Moon
|
|
Batting: RHB Julian Gregory
|
0-0: Ball 1-0: Called Strike 1-1: Fly out, F6 (Popup, 6MS, EV 61.2 MPH)
|
|
Batting: LHB Addisu Nyamekye
|
0-0: Foul Ball, location: 2F 0-1: Ball 1-1: Ground out 3-1 (Groundball, 34S, EV 89.4 MPH)
|
|
Batting: RHB Chris Skaff
|
0-0: Called Strike 0-1: Swinging Strike 0-2: Fly out, F9 (Flyball, 89M, EV 86.2 MPH)
|
| Top of the 8th over - 0 runs, 0 hits, 0 errors, 0 left on base; Tacoma 3 - Rochester 0 |
| BOTTOM OF THE 8TH |
|
Rochester Red Wings batting - Pitching for Tacoma Rainiers : RHP Josh Newell
|
|
Pitching: RHP David Lane
|
|
|
Batting: SHB Ian Thompson
|
0-0: Swinging Strike 0-1: Foul Ball, location: 2F 0-2: Foul Ball, location: 2F 0-2: Strikes out looking
|
|
Batting: RHB Leo Gonzalez
|
0-0: Ball 1-0: Called Strike 1-1: Foul Ball, location: 2F 1-2: Ball 2-2: Ball 3-2: Base on Balls
|
|
Batting: RHB Colin Boddy
|
0-0: Called Strike 0-1: Called Strike 0-2: Strikes out looking
|
|
Batting: LHB Chaim Huting
|
0-0: Ball 1-0: DOUBLE (Line Drive, 78M, EV 101.2 MPH) Leo Gonzalez to third Runner from 3rd tries for Home, SAFE, no throw by LF
|
|
Batting: SHB Manny Molina
|
0-0: Swinging Strike 0-1: Swinging Strike 0-2: Ball 1-2: Strikes out swinging
|
| Bottom of the 8th over - 1 run, 1 hit, 0 errors, 1 left on base; Tacoma 3 - Rochester 1 |
| TOP OF THE 9TH |
|
Tacoma Rainiers batting - Pitching for Rochester Red Wings : RHP Mike Moon
|
|
Pitching: LHP Brian Walters
|
|
|
Batting: RHB Marco Diaz
|
0-0: Called Strike 0-1: Ball 1-1: Ball 2-1: Foul Ball, location: 2F 2-2: Strikes out looking
|
|
Batting: LHB Jawad Fahad
|
0-0: Fly out, F7 (Flyball, 78M, EV 92.5 MPH)
|
|
Batting: RHB Zach Downs
|
0-0: Ball 1-0: Ball 2-0: Swinging Strike 2-1: Foul Ball, location: 2F 2-2: Ball 3-2: SINGLE (Groundball, 6D, EV 98.8 MPH)
|
|
Batting: LHB Josh Pittman
|
0-0: Ball 1-0: Foul Ball, location: 2F 1-1: Ball 2-1: Called Strike 2-2: Ball 3-2: Foul Ball, location: 2F 3-2: Strikes out swinging
|
| Top of the 9th over - 0 runs, 1 hit, 0 errors, 1 left on base; Tacoma 3 - Rochester 1 |
| BOTTOM OF THE 9TH |
|
Rochester Red Wings batting - Pitching for Tacoma Rainiers : RHP David Lane
|
|
Pitching: LHP Chad Dominey
|
|
|
Batting: RHB Cyril Husson
|
0-0: Called Strike 0-1: Ball 1-1: Called Strike 1-2: Strikes out swinging
|
|
Batting: RHB Jason Gee
|
0-0: Ball 1-0: Called Strike 1-1: Called Strike 1-2: Strikes out swinging
|
|
Pinch Hitting: RHB José Molina
|
0-0: Ball 1-0: Fly out, F8 (Flyball, 89D, EV 90.0 MPH)
|
| Bottom of the 9th over - 0 runs, 0 hits, 0 errors, 0 left on base; Tacoma 3 - Rochester 1 |
|